 Dungeon Crawl Stone Soup version 0.26-a0-778-g3fe0686644 (webtiles) character file.

Game seed: 14292390837892009012

2927 pop123321pop the Basher (level 9, -2/118 HPs)
             Began as a Minotaur Berserker on Nov 10, 2020.
             Was a Priest of Trog.
             Slain by a two-headed ogre
             ... wielding a +0 giant spiked club
              (20 damage)
             ... on level 8 of the Dungeon.
             The game lasted 00:12:45 (7548 turns).

pop123321pop the Basher (Minotaur Berserker)        Turns: 7548, Time: 00:12:46

Health: -2/118     AC:  5    Str: 22    XL:     9   Next: 50%
Magic:  8/8        EV: 11    Int:  4    God:    Trog [***...]
Gold:   369        SH:  0    Dex: 13    Spells: 8/8 levels left

rFire    . . .     SeeInvis .   j - +7 dire flail (distort)
rCold    . . .     Faith    .   (shield currently unavailable)
rNeg     + . .     Spirit   .   n - +0 ring mail
rPois    .         Reflect  .   (helmet restricted)
rElec    .         Harm     .   (no cloak)
rCorr    .         Rampage  .   (no gloves)
MR       .....                  (no boots)
Stlth    ..........             (no amulet)
HPRegen  0.29/turn              y - ring of positive energy
MPRegen  0.11/turn              v - ring of stealth

@: berserking, very quick
A: retaliatory headbutt, horns 2
a: Berserk, Trog's Hand, Renounce Religion


You were on level 8 of the Dungeon.
You worshipped Trog.
Trog was most pleased with you.
You visited 1 branch of the dungeon, and saw 8 of its levels.

You collected 369 gold pieces.

Inventory:

Hand Weapons
 b - a +0 whip
 j - a +7 dire flail of distortion (weapon)
Armour
 n - a +0 ring mail (worn)
Jewellery
 v - a ring of stealth (right hand)
 x - an uncursed ring of protection from cold
 y - a ring of positive energy (left hand)
Wands
 s - a wand of flame (16)
 t - a wand of digging (7)
 z - a wand of polymorph (7)
Scrolls
 a - 2 scrolls of identify
 c - 8 scrolls of teleportation
 d - 2 scrolls of amnesia
 f - a scroll of immolation {unknown}
 g - 3 scrolls of magic mapping
 k - 3 scrolls of fog {unknown}
 l - 8 scrolls of remove curse {unknown}
 m - 2 scrolls of fear {unknown}
 q - 2 scrolls of enchant armour {unknown}
 r - 2 scrolls of enchant weapon {unknown}
 u - a scroll of noise {unknown}
 C - 2 scrolls of blinking
Potions
 e - 3 potions of haste
 h - 4 potions of curing
 i - 3 potions of heal wounds
 o - a potion of flight
 p - 2 potions of mutation
 w - a potion of brilliance {unknown}
 A - a potion of resistance {unknown}
 B - a potion of lignification {unknown}


   Skills:
 * Level 7.1 Fighting
 - Level 14.2 Maces & Flails
 - Level 2.4 Armour
 - Level 2.1 Dodging


You had 8 spell levels left.
You didn't know any spells.
Your spell library was empty.

Dungeon Overview and Level Annotations

Branches:
Dungeon (8/15)             Temple (0/1) D:4
   Lair: D:8-11

Altars:
Cheibriados
Dithmenos
Elyvilon
Gozag
Hepliaklqana
Makhleb
Okawaru
Qazlal
Ru
Vehumet
Wu Jian
Xom


Innate Abilities, Weirdness & Mutations

You reflexively headbutt those who attack you in melee.
You have a pair of horns on your head.


Message History

Unknown command.
Unknown command.
You completely miss the two-headed ogre.
The two-headed ogre is heavily wounded.
Unknown command.
You bludgeon the two-headed ogre!!
The two-headed ogre is severely wounded.
The two-headed ogre hits you with a +0 giant spiked club!!
* * * LOW HITPOINT WARNING * * *
The two-headed ogre closely misses you.
Unknown command.
You are too injured to fight recklessly!
A red film seems to cover your vision as you go berserk!
You feel yourself moving faster!
You feel mighty!
You barely miss the two-headed ogre.
The two-headed ogre is severely wounded.
The two-headed ogre hits you with a +0 giant spiked club!
* * * LOW HITPOINT WARNING * * *
The two-headed ogre hits you with a +0 giant spiked club!!
You die...

##.........##
............#
.>.._..⌠.[_.#
............######.#
##.................#
#.#...._...#########
............#
#.#.#..####<#
##...#. #@# ##.##.
#O# #. #Z# #.# ..#
..# ... #..#


You could see a two-headed ogre and a bullfrog skeleton.

Vanquished Creatures
  Prince Ribbit (D:7)
  Sigmund (D:2)
  2 yaks (D:7)
  Edmund (D:5)
  Menkaure (D:4)
  2 ice beasts (D:7)
  A sky beast (D:7)
  2 ogres (D:5)
  A necrophage (D:5)
  Blork the orc (D:5)
  A bullfrog (D:7)
  A water moccasin zombie (D:7)
  3 wights (D:7)
  A bullfrog zombie (D:7)
  2 quasits
  A jelly (D:4)
  3 orc wizards (D:7)
  Natasha (thrice) (D:4)
  An iguana (D:7)
  5 worker ants
  A hound skeleton (D:4)
  A mummy (D:4)
  2 worker ant zombies
  3 gnolls (D:5)
  9 adders
  3 white imps
  An adder skeleton (D:5)
  2 dart slugs
  6 leopard geckos
  16 orcs
  A ball python (D:3)
  6 giant cockroaches
  7 goblins
  4 hobgoblins
  9 jackals
  9 kobolds
  7 quokkas
  4 bats
  7 frilled lizards
  2 hobgoblin zombies (D:4)
  A leopard gecko skeleton (D:4)
  A leopard gecko zombie (D:5)
  2 quokka zombies (D:7)
  14 rats
152 creatures vanquished.

Notes
Turn   | Place    | Note
-------+----------+-------------------------------------------
     0 | D:1      | pop123321pop the Minotaur Berserker began the quest for the
                  | Orb.
     0 | D:1      | Reached XP level 1. HP: 19/19 MP: 0/0
   186 | D:1      | Reached skill level 4 in Maces & Flails
   298 | D:1      | Reached XP level 2. HP: 23/26 MP: 1/1
  1038 | D:2      | Reached skill level 5 in Maces & Flails
  1038 | D:2      | Reached XP level 3. HP: 22/31 MP: 2/2
  1619 | D:2      | Found a shimmering blue altar of Sif Muna.
  1620 | D:2      | Reached XP level 4. HP: 39/39 MP: 3/3
  1622 | D:2      | Found a hazy altar of Hepliaklqana.
  1622 | D:2      | Found a shimmering altar of Xom.
  1624 | D:2      | Reached skill level 6 in Maces & Flails
  1625 | D:2      | Found an iron altar of Okawaru.
  1625 | D:2      | Found a stormy altar of Qazlal.
  1625 | D:2      | Found a shimmering altar of Xom.
  1788 | D:2      | Noticed Sigmund
  1803 | D:2      | Killed Sigmund
  1803 | D:2      | Reached skill level 8 in Maces & Flails
  1803 | D:2      | Reached XP level 5. HP: 43/45 MP: 4/4
  2000 | D:3      | Reached ** piety under Trog
  2280 | D:3      | Reached XP level 6. HP: 51/51 MP: 5/5
  2537 | D:3      | Found a burning altar of Makhleb.
  2993 | D:4      | Noticed Menkaure
  2995 | D:4      | Noticed Natasha
  3002 | D:4      | Killed Menkaure
  3002 | D:4      | Reached skill level 9 in Maces & Flails
  3005 | D:4      | Killed Natasha
  3146 | D:4      | Found a sacrificial altar of Ru.
  3397 | D:4      | Noticed Natasha
  3403 | D:4      | Killed Natasha
  3417 | D:4      | Found an ornate altar of the Wu Jian Council.
  3524 | D:4      | Noticed Natasha
  3542 | D:4      | Killed Natasha
  3542 | D:4      | Reached XP level 7. HP: 37/57 MP: 6/6
  4093 | D:4      | Found a staircase to the Ecumenical Temple.
  4179 | D:5      | Entered Level 5 of the Dungeon
  4192 | D:5      | Reached skill level 10 in Maces & Flails
  4570 | D:4      | HP: 1/57 [acid (5)]
  4997 | D:5      | Reached *** piety under Trog
  5014 | D:5      | Reached skill level 11 in Maces & Flails
  5104 | D:5      | Noticed Edmund
  5121 | D:5      | Killed Edmund
  5121 | D:5      | Reached XP level 8. HP: 36/64 MP: 7/7
  5365 | D:5      | Noticed Blork the orc
  5376 | D:5      | Killed Blork the orc
  5446 | D:5      | Found an opulent altar of Gozag.
  5549 | D:6      | Reached skill level 12 in Maces & Flails
  6224 | D:7      | Found a shadowy altar of Dithmenos.
  6271 | D:7      | Reached skill level 13 in Maces & Flails
  6462 | D:7      | Reached XP level 9. HP: 53/70 MP: 8/8
  6468 | D:7      | Reached skill level 14 in Maces & Flails
  6941 | D:7      | Noticed Prince Ribbit
  6948 | D:7      | Reached skill level 5 in Fighting
  6959 | D:7      | Killed Prince Ribbit
  7521 | D:8      | Found a radiant altar of Vehumet.
  7525 | D:8      | Found a burning altar of Makhleb.
  7525 | D:8      | Found a white marble altar of Elyvilon.
  7525 | D:8      | Found a snail-covered altar of Cheibriados.
  7540 | D:8      | Noticed a two-headed ogre
  7548 | D:8      | Slain by a two-headed ogre

Illustrated notes

Levels and vault maps discovered:
D:1:      ncdulo_halloftheorcs, layout_loops_ring, minmay_misc_feat_square
D:2:      layout_rooms, doesnt_xom_only_xom, uniq_sigmund
D:3:      layout_basic, bloody_makhleb
D:4:      layout_cave_pods, kennysheep_mini, minmay_temple_entry_poolview,
          nicolae_ossuary_entry_giza, nicolae_ru_sacrificial_ziggurat,
          uniq_menkaure, uniq_natasha
D:5:      layout_cave_pools, nicolae_gozag_cash_rules_everything_around_me,
          uniq_edmund, uniq_blork_the_orc
D:6:      layout_loops_ring
D:7:      layout_loops_ring, grunt_dithmenos_smoke_and_mirrors,
          uniq_prince_ribbit1
D:8:      layout_loops_ring, nicolae_tso_carved_into_rock,
          grunt_temple_overflow_open, erik_lair_dragon, serial_shops, shop

Skill      XL: |  1  2  3  4  5  6  7  8  9 |
---------------+----------------------------+-----
Maces & Flails | 4 5 8 9 11 13 14 | 14.2
Fighting       | 7 |  7.1
Armour         | |  2.4
Dodging        | |  2.1

Action                   |  1- 3 |  4- 6 |  7- 9 || total
-------------------------+-------+-------+-------++-------
Melee: Mace              |    37 |       |       ||    37
       Headbutt          |    10 |    30 |    44 ||    84
       Whip              |    37 |   135 |   113 ||   285
       Dire flail        |       |       |   111 ||   111
Invok: Berserk           |       |     2 |     3 ||     5
       Trog's Hand       |       |       |     1 ||     1
  Use: Scroll            |       |       |    12 ||    12
       Potion            |       |       |     6 ||     6
 Stab: Sleeping          |       |       |     1 ||     1
Armor: Animal skin       |     7 |       |       ||     7
       Leather armour    |     4 |     7 |       ||    11
       Ring mail         |       |    31 |    46 ||    77
Dodge: Dodged            |    47 |    47 |    82 ||   176

Table legend: (Time is in decaauts)
 A = Elapsed time spent in this place.
 B = Non-inter-level travel time spent in this place.
 C = Inter-level travel time spent in this place.
 D = Time resting spent in this place.
 E = Time spent auto-exploring this place.
 F = Levels seen in this place.
 G = Mean time per level.
                   A        B        C        D        E       F      G
               +--------+--------+--------+--------+--------+-----+--------+
         Total |   7447 |   7157 |    290 |   1314 |   5017 |   8 |  930.9 |
       Dungeon |   7447 |   7157 |    290 |   1314 |   5017 |   8 |  930.9 |
               +--------+--------+--------+--------+--------+-----+--------+

Top non-repeatable levels by time:
     D:4: 1745 daAuts
     D:7: 1267 daAuts
     D:1: 1023 daAuts
     D:3: 1022 daAuts
     D:2: 890 daAuts
     D:5: 799 daAuts
     D:6: 651 daAuts
     D:8: 46 daAuts
